APP
DANVILLE BRAVES @ ELIZABETHTON TWINS
08/16/2099
 
TOP OF THE 1ST
Danville Braves batting - Pitching for Elizabethton Twins : RHP Roberto Anaya
Pitching: RHP Roberto Anaya
Batting: RHB Jamie Carney 0-0: Called Strike
0-1: Called Strike
0-2: SINGLE (Line Drive, 7S, EV 102.5 MPH)
Batting: RHB Brian Karwan 0-0: SINGLE (Groundball, 34D, EV 95.6 MPH)
Jamie Carney to second
Jamie Carney to third
Batting: RHB Ron Brito 0-0: Swinging Strike
0-1: Called Strike
0-2: Ball
1-2: Strikes out swinging
Batting: RHB Charlie Nichols 0-0: Ball
1-0: Foul Ball, location: 9LMF
1-1: Foul Ball, location: 23F
1-2: Grounds into double play, 4-6-3 (Groundball, 4M, EV 80.0 MPH)
Top of the 1st over - 0 runs, 2 hits, 0 errors, 1 left on base; Danville 0 - Elizabethton 0
BOTTOM OF THE 1ST
Elizabethton Twins batting - Pitching for Danville Braves : LHP Diego Gracian
Pitching: LHP Diego Gracian
Batting: SHB Russ Dye 0-0: Foul Ball, location: 2F
0-1: Foul Ball, location: 2F
0-2: SINGLE (Line Drive, 78S, EV 103.1 MPH)
Batting: RHB Malachi Johnson 0-0: Swinging Strike
0-1: Foul Ball, location: 2F
0-2: Ball
1-2: Grounds into double play, 5-4-3 (Groundball, 15, EV 83.8 MPH)
Batting: RHB Ivan Perez 0-0: Foul Ball, location: 7LMFF
0-1: Ball
1-1: Ball
2-1: Ball
3-1: Foul Ball, location: 2F
3-2: Strikes out swinging
Bottom of the 1st over - 0 runs, 1 hit, 0 errors, 0 left on base; Danville 0 - Elizabethton 0
TOP OF THE 2ND
Danville Braves batting - Pitching for Elizabethton Twins : RHP Roberto Anaya
Batting: RHB Chris Moon 0-0: Swinging Strike
0-1: Ball
1-1: Swinging Strike
1-2: Strikes out looking
Batting: SHB Vincent Santos 0-0: Ball
1-0: Foul Ball, location: 5FF
1-1: Ball
2-1: Foul Ball, location: 2F
2-2: SINGLE (Groundball, 4MD, EV 99.4 MPH)
Batting: RHB Cruz Rubio 0-0: Ball
1-0: Ball
2-0: Fly out, F9 (Flyball, 89M, EV 93.8 MPH)
Batting: RHB Alan Combs 0-0: Fly out, F4 (Popup, 4, EV 74.4 MPH)
Top of the 2nd over - 0 runs, 1 hit, 0 errors, 1 left on base; Danville 0 - Elizabethton 0
BOTTOM OF THE 2ND
Elizabethton Twins batting - Pitching for Danville Braves : LHP Diego Gracian
Batting: RHB Jesus Barillas 0-0: Called Strike
0-1: Ball
1-1: Called Strike
1-2: Ball
2-2: Ball
3-2: Base on Balls
Batting: RHB Nick Billings 0-0: Fielders Choice at 2nd, 6-4 (Groundball, 6, EV 106.9 MPH)
Pitching: RHP Brad Nelson
Batting: RHB Butch Domingue 0-0: Ball
1-0: Ball
2-0: SINGLE (Groundball, 6, EV 110.0 MPH)
Nick Billings to second
Batting: RHB David Pelayo 0-0: Called Strike
0-1: Ball
1-1: Swinging Strike
1-2: Fly out, F7 (Flyball, 7LMF, EV 91.9 MPH)
Batting: RHB Bryan Ruiz 0-0: Ground out 4-3 (Groundball, 4, EV 88.1 MPH)
Bottom of the 2nd over - 0 runs, 1 hit, 0 errors, 2 left on base; Danville 0 - Elizabethton 0
TOP OF THE 3RD
Danville Braves batting - Pitching for Elizabethton Twins : RHP Roberto Anaya
Batting: RHB Omar Rivera 0-0: Foul Ball, location: 3DF
0-1: Foul Ball, location: 5F
0-2: Strikes out swinging
Batting: RHB Jamie Carney 0-0: Called Strike
0-1: Foul Ball, location: 2F
0-2: Ball
1-2: Ball
2-2: Ball
3-2: Foul Ball, location: 2F
3-2: Base on Balls
Batting: RHB Brian Karwan 0-0: Ball
1-0: Ball
2-0: Called Strike
Jamie Carney steals 2nd base
2-1: Ball
3-1: Called Strike
3-2: Base on Balls
Batting: RHB Ron Brito 0-0: Ball
1-0: Swinging Strike
1-1: Foul Ball, location: 25F
1-2: Ball
2-2: Ball
3-2: Foul Ball, location: 9LSF
3-2: Base on Balls
Jamie Carney to third
Brian Karwan to second
Batting: RHB Charlie Nichols 0-0: Called Strike
0-1: Swinging Strike
0-2: Ball
1-2: Ball
2-2: Foul Ball, location: 9LMF
2-2: Foul Ball, location: 2F
2-2: Foul Ball, location: 2F
2-2: Strikes out swinging
Batting: RHB Chris Moon 0-0: Ball
1-0: Swinging Strike
1-1: Called Strike
1-2: Strikes out swinging
Top of the 3rd over - 0 runs, 0 hits, 0 errors, 3 left on base; Danville 0 - Elizabethton 0
BOTTOM OF THE 3RD
Elizabethton Twins batting - Pitching for Danville Braves : RHP Brad Nelson
Batting: RHB Jose Saucedo 0-0: Foul Ball, location: 5F
0-1: Called Strike
0-2: Ball
1-2: Ball
2-2: Ball
3-2: Base on Balls
Batting: SHB Russ Dye 0-0: Ball
1-0: Ball
2-0: TRIPLE (Flyball, 89XD, EV 96.9 MPH)
Jose Saucedo scores
Batting: RHB Malachi Johnson 0-0: Called Strike
0-1: SINGLE (Line Drive, 3D, EV 105.0 MPH)
Russ Dye scores
Batting: RHB Ivan Perez 0-0: Ball
1-0: Swinging Strike
1-1: Called Strike
1-2: Foul Ball, location: 2F
1-2: Fly out, F7 (Flyball, 78D, EV 108.8 MPH)
Batting: RHB Jesus Barillas 0-0: Ball
1-0: Foul Ball, location: 2F
1-1: Foul Ball, location: 9LSF
1-2: Ball
2-2: Foul Ball, location: 9LSF
2-2: Strikes out looking
Batting: RHB Nick Billings 0-0: Called Strike
0-1: Ball
1-1: Ball
Malachi Johnson is caught stealing 2nd base 2-4
Bottom of the 3rd over - 2 runs, 2 hits, 0 errors, 0 left on base; Danville 0 - Elizabethton 2
TOP OF THE 4TH
Danville Braves batting - Pitching for Elizabethton Twins : RHP Roberto Anaya
Batting: SHB Vincent Santos 0-0: Swinging Strike
0-1: Swinging Strike
0-2: Ball
1-2: Strikes out swinging
Batting: RHB Cruz Rubio 0-0: Ball
1-0: SINGLE (Groundball, 4M, EV 110.6 MPH)
Batting: RHB Alan Combs 0-0: Ball
1-0: Called Strike
1-1: Ball
2-1: Fly out, F8 (Line Drive, 8RD, EV 91.9 MPH)
Batting: RHB Omar Rivera 0-0: Ball
1-0: Called Strike
1-1: Fly out, F7 (Flyball, 78S, EV 91.3 MPH)
Top of the 4th over - 0 runs, 1 hit, 0 errors, 1 left on base; Danville 0 - Elizabethton 2
BOTTOM OF THE 4TH
Elizabethton Twins batting - Pitching for Danville Braves : RHP Brad Nelson
Batting: RHB Nick Billings 0-0: Called Strike
0-1: DOUBLE (Line Drive, 9LS, EV 106.3 MPH)
Batting: RHB Butch Domingue 0-0: Called Strike
0-1: Ball
1-1: SINGLE (Line Drive, 78S, EV 88.8 MPH)
Nick Billings to third
Batting: RHB David Pelayo 0-0: Ground out 6-3 (Groundball, 6S, EV 61.9 MPH)
Nick Billings scores
Butch Domingue to second
Batting: RHB Bryan Ruiz 0-0: Foul Ball, location: 23FF
0-1: SINGLE (Groundball, 5D, EV 94.4 MPH)
Butch Domingue to third
Runner from 3rd tries for Home, SAFE, throw by LF to home
Batting: RHB Jose Saucedo 0-0: Foul Ball, location: 3DF
0-1: Swinging Strike
0-2: Ball
1-2: Strikes out looking
Batting: SHB Russ Dye 0-0: Ground out U3 (Groundball, 3L, EV 105.0 MPH)
Bottom of the 4th over - 2 runs, 3 hits, 0 errors, 1 left on base; Danville 0 - Elizabethton 4
TOP OF THE 5TH
Danville Braves batting - Pitching for Elizabethton Twins : RHP Roberto Anaya
Batting: RHB Jamie Carney 0-0: Ball
1-0: Foul Ball, location: 25F
1-1: Ground out 1-3 (Groundball, 13S, EV 68.1 MPH)
Batting: RHB Brian Karwan 0-0: Called Strike
0-1: Ball
1-1: Single, Error in OF, E8, batter to second base (Groundball, 6MD, EV 100.0 MPH)
Batting: RHB Ron Brito 0-0: Ball
1-0: SINGLE (Line Drive, 7S, EV 105.6 MPH)
Brian Karwan to third
Batting: RHB Charlie Nichols 0-0: Ball
Ron Brito steals 2nd base
1-0: Ball
2-0: Foul Ball, location: 3F
2-1: Ball
3-1: Base on Balls
Batting: RHB Chris Moon 0-0: Foul Ball, location: 2F
0-1: Ball
1-1: Ball
2-1: Foul Ball, location: 25F
2-2: Foul Ball, location: 2F
2-2: Fly out, F7 (Flyball, 7D, EV 109.4 MPH)
Runner from 3rd tags up, SCORES, no throw by LF
Batting: SHB Vincent Santos 0-0: Called Strike
0-1: Ball
1-1: Ground out 3-1 (Groundball, 34, EV 84.4 MPH)
Top of the 5th over - 1 run, 2 hits, 1 error, 2 left on base; Danville 1 - Elizabethton 4
BOTTOM OF THE 5TH
Elizabethton Twins batting - Pitching for Danville Braves : RHP Brad Nelson
Batting: RHB Malachi Johnson 0-0: Ball
1-0: Ball
2-0: Ball
3-0: Base on Balls
Batting: RHB Ivan Perez 0-0: Foul Ball, location: 9LSF
0-1: Ball
1-1: Ball
2-1: Ball
3-1: Base on Balls
Malachi Johnson to second
Batting: RHB Jesus Barillas 0-0: Ball
1-0: Fielders Choice at 2nd, 6-4 (Groundball, 6D, EV 86.3 MPH)
Malachi Johnson to third
Batting: RHB Nick Billings 0-0: Ball
1-0: Swinging Strike
1-1: Swinging Strike
1-2: Foul Ball, location: 25FF
1-2: Ball
2-2: Strikes out swinging
Batting: RHB Butch Domingue 0-0: Called Strike
0-1: Foul Ball, location: 2F
0-2: Ball
1-2: Fielders Choice at 2nd, 5-4 (Groundball, 5, EV 96.9 MPH)
Bottom of the 5th over - 0 runs, 0 hits, 0 errors, 2 left on base; Danville 1 - Elizabethton 4
TOP OF THE 6TH
Danville Braves batting - Pitching for Elizabethton Twins : RHP Roberto Anaya
Pitching: RHP Pedro Chavez
Batting: RHB Cruz Rubio 0-0: Ball
1-0: Ball
2-0: Called Strike
2-1: Ball
3-1: SINGLE (Flyball, 4D, EV 85.6 MPH)
Batting: RHB Alan Combs 0-0: Fly out, F6 (Line Drive, 56, EV 73.8 MPH)
Batting: RHB Omar Rivera 0-0: Called Strike
0-1: Fly out, F9 (Flyball, 89M, EV 90.0 MPH)
Batting: RHB Jamie Carney 0-0: Called Strike
0-1: Ball
1-1: Called Strike
1-2: Ball
2-2: Foul Ball, location: 3F
2-2: Strikes out looking
Top of the 6th over - 0 runs, 1 hit, 0 errors, 1 left on base; Danville 1 - Elizabethton 4
BOTTOM OF THE 6TH
Elizabethton Twins batting - Pitching for Danville Braves : RHP Brad Nelson
Batting: RHB David Pelayo 0-0: Ball
1-0: Ball
2-0: Called Strike
2-1: Foul Ball, location: 2F
2-2: Strikes out looking
Batting: RHB Bryan Ruiz 0-0: SOLO HOME RUN (Flyball, 78XD, EV 101.3 MPH), Distance : 413 ft
Pitching: RHP Ruben Jimenez
Batting: RHB Jose Saucedo 0-0: Called Strike
0-1: Ball
1-1: Ball
2-1: Foul Ball, location: 7LSF
2-2: Strikes out swinging
Batting: SHB Russ Dye 0-0: Ball
1-0: SINGLE (Line Drive, 6MD, EV 103.1 MPH)
Batting: RHB Malachi Johnson 0-0: Called Strike
0-1: Ball
1-1: Swinging Strike
1-2: Strikes out swinging
Bottom of the 6th over - 1 run, 2 hits, 0 errors, 1 left on base; Danville 1 - Elizabethton 5
TOP OF THE 7TH
Danville Braves batting - Pitching for Elizabethton Twins : RHP Pedro Chavez
Batting: RHB Brian Karwan 0-0: Called Strike
0-1: Ball
1-1: Foul Ball, location: 5FF
1-2: Ball
2-2: Ball
3-2: Foul Ball, location: 9LMF
3-2: Foul Ball, location: 2F
3-2: Foul Ball, location: 3F
3-2: Ground out 4-3 (Groundball, 4, EV 86.9 MPH)
Batting: RHB Ron Brito 0-0: Swinging Strike
0-1: Foul Ball, location: 3SF
0-2: Ball
1-2: Foul Ball, location: 2F
1-2: Ball
2-2: Ball
3-2: Strikes out looking
Batting: RHB Charlie Nichols 0-0: Called Strike
0-1: Swinging Strike
0-2: Ball
1-2: Ball
2-2: Ball
3-2: Base on Balls
Pitching: RHP Armando Trevino
Batting: RHB Chris Moon 0-0: Ball
1-0: Foul Ball, location: 2F
1-1: Ground out 4-3 (Groundball, 4, EV 110.6 MPH)
Top of the 7th over - 0 runs, 0 hits, 0 errors, 1 left on base; Danville 1 - Elizabethton 5
BOTTOM OF THE 7TH
Elizabethton Twins batting - Pitching for Danville Braves : RHP Ruben Jimenez
Pitching: RHP Roman White
Batting: RHB Ivan Perez 0-0: Ball
1-0: Ball
2-0: SINGLE (Line Drive, 6D, EV 94.4 MPH)
Batting: RHB Jesus Barillas 0-0: Called Strike
Ivan Perez steals 2nd base
0-1: Swinging Strike
0-2: Foul Ball, location: 9LDF
0-2: Foul Ball, location: 3FF
0-2: Ball
1-2: Foul Ball, location: 2F
1-2: Ball
2-2: Ball
3-2: Base on Balls
Batting: RHB Nick Billings 0-0: Swinging Strike
0-1: Ball
1-1: Ball
2-1: TRIPLE (Line Drive, 78XD, EV 104.4 MPH)
Ivan Perez scores
Jesus Barillas scores
Batting: RHB Butch Domingue 0-0: Ball
1-0: Fly out, F9 (Flyball, 89M, EV 86.3 MPH)
Runner from 3rd tags up, OUT at HOME! 9-2
Batting: RHB David Pelayo 0-0: Ball
1-0: Ball
2-0: Swinging Strike
2-1: Swinging Strike
2-2: Ground out 4-3 (Groundball, 34, EV 82.5 MPH)
Bottom of the 7th over - 2 runs, 2 hits, 0 errors, 0 left on base; Danville 1 - Elizabethton 7
TOP OF THE 8TH
Danville Braves batting - Pitching for Elizabethton Twins : RHP Armando Trevino
Batting: SHB Vincent Santos 0-0: Fly out, F8 (Flyball, 8LD, EV 101.3 MPH)
Pinch Hitting: RHB Victor Tamez 0-0: Called Strike
0-1: Swinging Strike
0-2: Ball
1-2: Ball
2-2: Strikes out swinging
Pinch Hitting: RHB Omar Medina 0-0: Ball
1-0: Called Strike
1-1: Called Strike
1-2: Foul Ball, location: 3FF
1-2: Ball
2-2: Ground out 2-3 (Groundball, 13S, EV 63.1 MPH)
Top of the 8th over - 0 runs, 0 hits, 0 errors, 0 left on base; Danville 1 - Elizabethton 7
BOTTOM OF THE 8TH
Elizabethton Twins batting - Pitching for Danville Braves : RHP Roman White
Now at 3B: Victor Tamez
Now at SS: Tony Nunez
Now in RF: Vincent Santos
Batting: RHB Bryan Ruiz 0-0: DOUBLE (Line Drive, 78M, EV 104.4 MPH)
Batting: RHB Jose Saucedo 0-0: Ball
1-0: Fly out, F7 (Flyball, 7LM, EV 94.4 MPH)
Batting: SHB Russ Dye 0-0: Swinging Strike
0-1: Ground out 4-3 (Groundball, 4S, EV 83.8 MPH)
Bryan Ruiz to third
Batting: RHB Malachi Johnson 0-0: Ball
1-0: Foul Ball, location: 7LSFF
1-1: Ground out 2-3 (Groundball, 15S, EV 73.8 MPH)
Bottom of the 8th over - 0 runs, 1 hit, 0 errors, 1 left on base; Danville 1 - Elizabethton 7
TOP OF THE 9TH
Danville Braves batting - Pitching for Elizabethton Twins : RHP Armando Trevino
Pinch Hitting: RHB Jose de Leon 0-0: Ball
1-0: Swinging Strike
1-1: Ball
2-1: TRIPLE (Line Drive, 8RXD, EV 104.4 MPH)
Pinch Hitting: RHB Ryan Skelly 0-0: Swinging Strike
0-1: Ball
1-1: Ball
2-1: Called Strike
2-2: Foul Ball, location: 3F
2-2: Strikes out swinging
Batting: RHB Brian Karwan 0-0: Ball
1-0: SINGLE (Line Drive, 7S, EV 102.5 MPH)
Jose de Leon scores
Batting: RHB Ron Brito 0-0: SINGLE (Line Drive, 8RS, EV 86.9 MPH)
Brian Karwan to second
Batting: RHB Charlie Nichols 0-0: Called Strike
0-1: Ball
1-1: Grounds into double play, 4-6-3 (Groundball, 4, EV 85.6 MPH)
Top of the 9th over - 1 run, 3 hits, 0 errors, 1 left on base; Danville 2 - Elizabethton 7
Sunday, May 12th , 2024 - OOTP Baseball 24.11 Build 85